 Dungeon Crawl Stone Soup version 0.32-a0-132-g2d33c3cfaf (webtiles) character file.

Game seed: 1812225196563647498

23275 Ceno the Mimic (level 13, -4/110 HPs)
             Began as an Octopode Shapeshifter on Feb 10, 2024.
             Was an Elder of Kikubaaqudgha.
             Slain by a death yak (14 damage)
             ... on level 3 of the Lair of Beasts.
             The game lasted 00:47:48 (15304 turns).

Ceno the Mimic (Octopode Shapeshifter)             Turns: 15304, Time: 00:47:49

Health: -4/110     AC:  9    Str: 19    XL:     13   Next: 5%
Magic:  22/22      EV:  6    Int: 12    God:    Kikubaaqudgha [****..]
Gold:   853        SH:  0    Dex: 16    Spells: 12/12 levels left

rFire   + .          .
                       - Unarmed
rCold   . . .        (shield currently unavailable)
rNeg    + . .        (helmet currently unavailable)
rPois   +            H - amulet of regeneration
rElec   .            o - ring of flight
rCorr   .            D - ring of positive energy
SInv    +            F - ring of magical power
Will    .....        x - ring of protection from fire
Stlth   ++++         P - ring of see invisible
HPRegen 1.18/turn    (no ring)
MPRegen 0.18/turn    (no ring)
                     (no ring)

%: no passive effects
@: snake-form, petrifying, flying, invisible, very slow
A: constrict, boosted hp, almost no armour, amphibious, 8 rings, large,
(camouflage 1), (gelatinous body 1), (nimble swimmer 1), (tentacles)
a: Begin Untransformation, Renounce Religion, Unearth Wretches


You were on level 3 of the Lair of Beasts.
You worshipped Kikubaaqudgha.
Kikubaaqudgha was greatly pleased with you.
You were an enormous serpent.
You visited 3 branches of the dungeon, and saw 14 of its levels.
You also visited: Ossuary.

You collected 853 gold pieces.

Inventory:

Hand Weapons
 j - a +0 dagger of venom
Missiles
 g - 107 stones
 k - 6 curare-tipped darts
 w - 16 poisoned darts
Jewellery
 o - a ring of flight (left tentacle)
 s - a +6 ring of intelligence
 x - a ring of protection from fire (on tentacle)
 D - a ring of positive energy (right tentacle)
 F - a ring of magical power (on tentacle)
 G - an amulet of magic regeneration
 H - an amulet of regeneration (around neck)
 P - a ring of see invisible (on tentacle)
Talismans
 b - a beast talisman
 c - a flux talisman
 n - a serpent talisman (active)
 y - a storm talisman
Wands
 i - a wand of flame (19) (quivered)
 u - a wand of paralysis (34)
 A - a wand of roots (16)
 B - a wand of acid (18)
 L - a wand of polymorph (6)
Scrolls
 d - a scroll of poison
 e - a scroll of summoning {unknown}
 f - 5 scrolls of blinking
 l - a scroll of fog
 t - 3 scrolls of teleportation
 v - a scroll of noise
 C - a scroll of enchant armour
 I - a scroll of amnesia {unknown}
 J - 2 scrolls of torment {unknown}
 K - 2 scrolls of brand weapon
 N - a scroll of silence {unknown}
 Q - a scroll of identify
 S - a scroll of fear {unknown}
Potions
 a - 2 potions of lignification
 h - 3 potions of brilliance
 m - 3 potions of mutation
 p - 2 potions of degeneration
 q - 5 potions of curing
 r - 2 potions of haste
 z - a potion of resistance
 E - 2 potions of invisibility
 O - a potion of attraction
 R - a potion of cancellation {unknown}
Miscellaneous
 M - a box of beasts


   Skills:
 + Level 10.2 Fighting
 + Level 5.9 Dodging
 - Level 8.0 Stealth
 + Level 10.6 Unarmed Combat
 + Level 8.8 Necromancy
 - Level 0.4 Evocations
 + Level 10.8 Shapeshifting


You had 12 spell levels left.
You didn't know any spells.
Your spell library contained the following spells:

 Spells                   Type           Power      Damage    Failure   Level
 Necrotise                Necr           84%        1d8       1%          1
 Sublimation of Blood     Necr           21%        N/A       1%          2
 Fugue of the Fallen      Necr           21%        N/A       2%          3
 Kiss of Death            Conj/Necr      40%        2d8       5%          1
 Dispel Undead            Necr           21%        3d11      9%          4
 Curse of Agony           Necr           21%        N/A       24%         5
 Martyr's Knell           Necr/Summ      10%        N/A       47%         4
 Stone Arrow              Conj/Erth      0%         3d7       69%         3
 Volatile Blastmotes      Fire/Tloc      0%         2d10      69%         3
 Death Channel            Necr           10%        N/A       80%         6
 Fulminant Prism          Conj/Alch      0%         3d5       97%         4
 Iskenderun's Mystic Bla  Conj/Tloc      0%         2d3       97%         4
 Lehudib's Crystal Spear  Conj/Erth      0%         10d2      100%        8
 Animate Armour           Summ/Erth      Unusable   N/A       N/A         4

Dungeon Overview and Level Annotations

Branches:
Dungeon (9/15)             Temple (1/1) D:6            Lair (4/5) D:9
 Shoals (0/4) Lair:2       Spider (0/4) Lair:3      Ossuary (visited)
  Slime: Lair:4-5       Orc: D:9-12

Altars:
Ashenzari
Cheibriados
Dithmenos
Elyvilon
Fedhas
Gozag
Hepliaklqana
Kikubaaqudgha
Makhleb
Nemelex Xobeh
Okawaru
Qazlal
Ru
Sif Muna
Vehumet
Wu Jian
Yredelemnul

Shops:
D:1 =   D:7 (

Annotations:
D:4 exclusion: jelly
D:5 2 transporters, Azoth's ghost, novice DECj
D:6 exclusion: ogre
D:9 exclusion: two-headed ogre


Innate Abilities, Weirdness & Mutations

You are an enormous serpent.
You have a powerful constriction melee attack.
Your maximum health is increased.
Your armour is entirely melded.
You are incapable of wielding weapons or throwing items.
You cannot wear most types of armour.
You are amphibious.
You can wear up to eight rings at the same time.
((Your skin changes colour to match your surroundings (Stealth+).))
((Your rubbery body absorbs attacks. (AC +1, EV +1)))
((You are camouflaged when in or above water. (Stealth+)))
((You have tentacles for arms and can constrict up to eight enemies at once.))


Message History

The polar bear closely misses you. The death yak closely misses you.
You lash the polar bear!
The polar bear is almost dead.
You constrict the polar bear, but do no damage.
The polar bear goes berserk!
The death yak gores you but does no damage.
You body-slam the polar bear!!
You kill the polar bear!
Kikubaaqudgha accepts your kill.
The death yak gores you but does no damage.
You body-slam the death yak!!
You grab the death yak.
The death yak is moderately wounded.
You constrict the death yak, but do no damage.
The death yak gores you but does no damage.
You hit the death yak.
The death yak is moderately wounded.
You constrict the death yak. You hit the death yak.
The death yak is moderately wounded.
You constrict the death yak, but do no damage.
The death yak gores you!! The death yak gores you!
You hit the death yak but do no damage.
The death yak is moderately wounded.
You constrict the death yak. The death yak closely misses you.
The death yak gores you!!
You hit the death yak but do no damage.
The death yak is moderately wounded.
You constrict the death yak.
A basilisk comes into view.
The death yak gores you! The death yak gores you!!
* * * LOW HITPOINT WARNING * * *
You fade into invisibility!
You constrict the death yak. The basilisk gazes at you.
You are slowing down.
The death yak gores you.
* * * LOW HITPOINT WARNING * * *
The death yak gores you!!
You die...
Kikubaaqudgha rasps: You have failed me!
Welcome... death!

##....#.†.....P.....#.#..##.
###.....#.##.#....##..........
###.......#.##....#..##.#.#..##.
##^....###.#.##.##...#####.....#.
#^^..^###.#...#.##.#..#.##..>..#.
^^^..##...##.##..l...<...........
..^.^####.##.....#.#...##.......#
>..### ##........###...#.......##
..## #..##.#.#S###..#..#.##.#.#
### ##...#.#YY##......########
#...###.#.##...##Y## # ##..#
#.#......##..## #
##.###...........YP# #
##..##....##..Y...# ##
#..#....####..Y..###### .#####
####.................#####
...#.###.####....########..#.####


You could see 2 death yaks and a basilisk (unable to see you).

Vanquished Creatures
  A hydra (Lair:3)
  A death yak (D:9)
  A lindwurm (Lair:3)
  3 cyclopes (D:9)
  4 black mambas
  A merfolk siren (Lair:2)
  7 cane toads
  2 rime drakes
  5 komodo dragons
  A kobold demonologist (D:9)
  2 ice devils (Lair:1)
  2 polar bears
  10 blink frogs
  A dream sheep (Lair:3)
  A jumping spider (Lair:3)
  A vampire (D:9)
  Sigmund (D:3)
  22 yaks
  2 wyverns
  3 culicivoras (Lair:3)
  A basilisk (Lair:1)
  3 steam dragons
  A vampire mosquito (D:9)
  19 water moccasins
  An orc warrior (D:9)
  5 black bears
  A sky beast (D:6)
  An ice beast (D:6)
  2 centaurs
  11 wolves
  18 bullfrogs
  2 scorpions
  2 burial acolytes (Ossuary)
  16 wights
  4 killer bees
  4 howler monkeys
  An electric eel (Lair:1)
  2 bombardier beetles
  2 jellies
  4 orc priests
  3 iguanas
  2 sleepcaps
  A hell rat (D:9)
  4 orc wizards
  A gnoll (D:6)
  8 adders
  A shadow imp (D:3)
  2 ufetubi (D:6)
  An adder skeleton (Ossuary)
  2 ribbon worms (D:2)
  A dart slug (D:4)
  28 orcs
  9 ball pythons
  11 bats
  9 endoplasms
  2 giant cockroaches
  13 hobgoblins
  5 jackals
  6 kobolds
  3 quokkas
  A ball python skeleton (Ossuary)
  4 frilled lizards
  12 goblins
  5 kobold skeletons (Ossuary)
  An orc skeleton (Ossuary)
  6 rats
  A spectral hobgoblin (D:8)
313 creatures vanquished.

Notes
Turn   | Place    | Note
-------+----------+-------------------------------------------
     0 | D:1      | Ceno the Octopode Shapeshifter began the quest for the Orb.
     0 | D:1      | Reached XP level 1. HP: 13/13 MP: 1/1
    82 | D:1      | Reached XP level 2. HP: 9/18 MP: 2/2
   204 | D:1      | Reached skill level 1 in Stealth
   229 | D:1      | Found Vuamur's Jewellery Shop.
   600 | D:2      | Reached XP level 3. HP: 23/23 MP: 3/3
   821 | D:2      | Reached XP level 4. HP: 24/29 MP: 4/4
  1463 | D:3      | Noticed Sigmund
  1677 | D:3      | Found a faded altar of an unknown god.
  1882 | D:4      | Reached XP level 5. HP: 33/34 MP: 5/5
  1907 | D:4      | Found a sand-covered staircase.
  1920 | D:4      | Noticed a black bear
  1936 | D:4      | Killed a black bear
  1937 | D:4      | Reached XP level 6. HP: 22/41 MP: 6/6
  2035 | Ossuary  | Entered an ossuary
  2352 | Ossuary  | Noticed a laughing skull
  2374 | Ossuary  | Reached skill level 5 in Shapeshifting
  2377 | Ossuary  | Noticed a laughing skull
  2388 | Ossuary  | Reached XP level 7. HP: 46/46 MP: 7/7
  2605 | D:4      | Found a blossoming altar of Fedhas.
  2608 | D:4      | Found an ancient bone altar of Kikubaaqudgha.
  2613 | D:4      | Became a worshipper of Kikubaaqudgha
  2623 | D:4      | Found a snail-covered altar of Cheibriados.
  2730 | D:4      | Found a sacrificial altar of Ru.
  2925 | D:3      | Killed Sigmund
  3126 | D:3      | Reached skill level 5 in Unarmed Combat
  3286 | D:5      | Entered Level 5 of the Dungeon
  3363 | D:5      | Reached XP level 8. HP: 54/54 MP: 8/8
  3389 | D:5      | Reached * piety under Kikubaaqudgha
  3389 | D:5      | Received a gift from Kikubaaqudgha
  3545 | D:5      | Found a transporter.
  3545 | D:5      | Noticed Azoth's ghost (novice DECj)
  4124 | D:5      | Found a transporter.
  4527 | D:6      | Found a staircase to the Ecumenical Temple.
  4543 | Temple   | Entered the Ecumenical Temple
  4573 | D:6      | Found a shadowy altar of Dithmenos.
  4818 | D:6      | Found a burning altar of Makhleb.
  4830 | D:6      | Reached skill level 5 in Fighting
  4933 | D:6      | Reached skill level 1 in Necromancy
  5147 | D:6      | Reached XP level 9. HP: 47/61 MP: 9/9
  5435 | D:6      | Reached ** piety under Kikubaaqudgha
  5452 | D:6      | Found an iron altar of Okawaru.
  5495 | D:6      | Found a basalt altar of Yredelemnul.
  5798 | D:7      | Noticed a hornet
  5972 | D:7      | Found Butriept's Weapon Shop.
  6508 | D:8      | Reached skill level 5 in Stealth
  6782 | D:7      | Found a sparkling altar of Nemelex Xobeh.
  7583 | D:8      | Found an ornate altar of the Wu Jian Council.
  7629 | D:8      | Reached XP level 10. HP: 63/69 MP: 10/10
  7776 | D:8      | Paralysed by a wight for 4 turns
  8061 | D:8      | Found a hazy altar of Hepliaklqana.
  8320 | D:9      | Noticed a cyclops
  8735 | D:9      | Noticed a cyclops
  8931 | D:9      | Noticed a two-headed ogre
  8962 | D:9      | Noticed a death yak
  9111 | D:9      | Noticed a cyclops
  9130 | D:9      | Killed a cyclops
  9179 | D:9      | Reached skill level 5 in Necromancy
  9416 | D:9      | Noticed a kobold demonologist
  9425 | D:9      | Noticed a sun demon
  9425 | D:9      | Killed a kobold demonologist
  9448 | D:9      | Reached *** piety under Kikubaaqudgha
  9448 | D:9      | Received a gift from Kikubaaqudgha
  9602 | D:9      | Killed a cyclops
  9676 | D:9      | Found a staircase to the Lair.
  9849 | D:9      | Killed a cyclops
  9850 | D:9      | Reached XP level 11. HP: 57/77 MP: 11/11
  9863 | D:9      | Killed a death yak
 10195 | Lair:1   | Entered Level 1 of the Lair of Beasts
 11912 | Lair:2   | Found the +8 whip "Snakebite" {venom, curare, rPois}
 12044 | Lair:2   | Reached **** piety under Kikubaaqudgha
 12045 | Lair:2   | Reached XP level 12. HP: 39/85 MP: 12/12
 12190 | Lair:2   | Reached skill level 10 in Shapeshifting
 12213 | Lair:2   | Found a staircase to the Shoals.
 13243 | Lair:3   | Noticed a six-headed hydra
 13266 | Lair:3   | Noticed a seven-headed hydra
 13402 | Lair:2   | Reached skill level 10 in Unarmed Combat
 13701 | Lair:3   | Reached skill level 5 in Dodging
 13860 | Lair:3   | Noticed a death yak
 14219 | Lair:3   | Reached skill level 10 in Fighting
 14241 | Lair:3   | You are sucked into a shaft and drop 1 floor!
 14277 | Lair:4   | Noticed a boulder beetle
 14345 | Lair:3   | Found a hole to the Spider Nest.
 14759 | Lair:3   | Killed a six-headed hydra
 14863 | Lair:3   | Noticed a death yak
 15208 | Lair:4   | Reached XP level 13. HP: 57/92 MP: 13/13
 15304 | Lair:3   | Slain by a death yak

Illustrated notes

Levels and vault maps discovered:
D:1:      dpeg_arrival_radiant, layout_basic, serial_shops, shop_fountains,
          minivault_24, chequers_serial_rivers_micro_a
D:2:      layout_loops_cross, kennysheep_generic_room_14
D:3:      minmay_bubble_buster, layout_basic, hellmonk_ecumenical_altar_zigzags,
          chequers_serial_rivers_small_a, palyth_stone_intersect,
          amcnicky_mini_corridor_feature, dk_vineyard_1, hex_medium,
          minivault_23, uniq_sigmund
D:4:      layout_basic, grunt_temple_overflow_growth_and_decay,
          mainiacjoe_overflow_paths, mainiacjoe_overflow_catwalk,
          nicolae_tso_swordbearing_angel, nicolae_ossuary_entry_monument,
          supply_closet_lemuel, chequers_serial_rivers_marsh,
          grunt_decor_junction, grunt_decor_fettered, grunt_decor_mini_mirrors,
          hangedman_decor_lopped, kennysheep_pointless_box,
          chequers_hall_statues_wall_a, minmay_misc_feat_square
D:5:      layout_basic, gammafunk_ghost_stat_death, serial_curves,
          eino_curves_01, eino_curves_03, eino_curves_03, minmay_lizard_king
D:6:      layout_basic, lemuel_crystal_altar, general_overflow_altar,
          mainiacjoe_overflow_small_starburst, okawaru_altar_gauntlet_db,
          temple_hall
D:7:      layout_loops_cross, nicolae_overflow_hidden_temple, serial_shops,
          shop_statue, nicolae_figureground_sparkle
D:8:      layout_gridville, nicolae_hepliaklqana_monster_ancestors,
          nicolae_wu_jian_immortal_techniques
D:9:      layout_cave_pods, dpeg_lair_monsters, minmay_diamond_spiral
Temple:   hellmonk_temple_flake
Lair:1:   layout_roguey, portal_ice_cave_demonic_guard, serial_bayou,
          serial_bayou_crossing, serial_bayou_shore_b, serial_bayou_shore_a,
          serial_bayou_pond_b
Lair:2:   minmay_guarded_unrand_snakebite, layout_cave_pods,
          minmay_shoals_entry_lonely_mermaid, chequers_serial_rivers_micro_c,
          infiniplex_staircase_pool, lemuel_fruit_fields
Lair:3:   layout_loops_ring, spider_nest_entry_funnel_web, serial_bayou,
          serial_bayou_pond_c, serial_bayou_lagoon_a, serial_bayou_shore_b,
          serial_bayou_shore_b, hangedman_lair_generics_rect
Lair:4:   layout_gridlike

Skill      XL: |  1  2  3  4  5  6  7  8  9 10 11 12 |
---------------+-------------------------------------+-----
Stealth        | 1 2 3 6 8 |  8.0
Fighting       | 2 3 4 5 6 7 9 10 | 10.2
Shapeshifting  | 4 5 6 7 8 9 10 | 10.8
Unarmed Combat | 4 5 6 7 8 9 10 | 10.6
Necromancy     | 1 4 5 7 8 |  8.8
Dodging        | 3 5 |  5.9
Evocations     | |  0.4

Action                     |  1- 3 |  4- 6 |  7- 9 | 10-12 | 13-15 || total
---------------------------+-------+-------+-------+-------+-------++-------
  Melee: Unarmed           |    45 |       |   155 |   528 |    19 ||   747
         Constrict         |     8 |    25 |    70 |   103 |     6 ||   212
         Tentacles         |     8 |    24 |    77 |   102 |       ||   211
         Punch             |     1 |     3 |    13 |       |       ||    17
         Dagger            |       |    94 |   105 |       |       ||   199
  Throw: Dart              |       |       |     4 |       |       ||     4
         Stone             |       |       |     2 |       |       ||     2
  Evoke: Wand              |       |       |     4 |     5 |       ||     9
    Use: Scroll            |       |     2 |     8 |     9 |       ||    19
         Potion            |       |       |     1 |     3 |     1 ||     5
   Stab: Sleeping          |     9 |    14 |    13 |     2 |       ||    38
 Armour: Skin              |    21 |    29 |   108 |   328 |    20 ||   506
  Dodge: Dodged            |    21 |    46 |   166 |   359 |    11 ||   603
   Form: Flux              |       |       |     1 |       |       ||     1
         Serpent           |       |       |       |     1 |       ||     1

Table legend: (Time is in decaauts)
 A = Elapsed time spent in this place.
 B = Non-inter-level travel time spent in this place.
 C = Inter-level travel time spent in this place.
 D = Time resting spent in this place.
 E = Time spent auto-exploring this place.
 F = Levels seen in this place.
 G = Mean time per level.
                   A        B        C        D        E       F      G
               +--------+--------+--------+--------+--------+-----+--------+
         Total |  15179 |  14555 |    624 |   3563 |   6445 |  15 | 1011.9 |
       Dungeon |   9586 |   9117 |    469 |   1707 |   4601 |   9 | 1065.1 |
        Temple |      1 |      1 |      0 |      0 |      0 |   1 |    1.0 |
          Lair |   5041 |   4886 |    155 |   1612 |   1782 |   4 | 1260.2 |
       Ossuary |    549 |    549 |      0 |    243 |     62 |   1 |  549.0 |
               +--------+--------+--------+--------+--------+-----+--------+

Top non-repeatable levels by time:
     D:8: 2522 daAuts
  Lair:2: 1947 daAuts
  Lair:3: 1839 daAuts
     D:9: 1308 daAuts
     D:6: 1153 daAuts
     D:5: 1122 daAuts
  Lair:1: 1047 daAuts
     D:3: 869 daAuts
     D:2: 796 daAuts
     D:7: 744 daAuts
     D:1: 596 daAuts
 Ossuary: 549 daAuts
     D:4: 472 daAuts
  Lair:4: 207 daAuts
  Temple: 1 daAuts
